 Dungeon Crawl Stone Soup version 0.17.1-3-g152610e (webtiles) character file.

2661 Peloso the Protected (level 9, -2/75 HPs)
             Began as a Minotaur Fighter on Mar 12, 2016.
             Slain by an orc warrior
             ... wielding a +0 short sword
              (18 damage)
             ... on level 7 of the Dungeon.
             The game lasted 00:17:09 (7126 turns).

Peloso the Protected (Minotaur Fighter)             Turns: 7126, Time: 00:17:09

Health: -2/75      AC: 11    Str: 22    XL:     9   Next: 36%
Magic:  8/8        EV:  9    Int:  5    God:
Gold:   317        SH: 11    Dex: 12    Spells: 0 memorised, 8 levels left

rFire  + . .     SeeInvis .     a - +0 long sword
rCold  . . .     Clarity  .     C - +0 chain mail
rNeg   . . .     SustAt   .     c - +0 shield
rPois  .         Gourm    .     (helmet restricted)
rElec  .         Spirit   .     (no cloak)
rCorr  .         Warding  .     (no gloves)
rMut   .         Stasis   .     (no boots)
MR     .....                    (no amulet)
Stlth  ..........               (no ring)
                                n - ring of protection from fire

@: not resistant to hostile enchantments, extremely unstealthy
A: retaliatory headbutt, horns 2
a: no special abilities


You were on level 7 of the Dungeon.
You were very hungry.

You visited 2 branches of the dungeon, and saw 9 of its levels.

You collected 317 gold pieces.

Inventory:

Hand Weapons
 a - a +0 long sword (weapon)
 D - the +5 war axe "Kiung" {pain, *Noise rF++}
   (You found it on level 7 of the Dungeon)

   In the hands of one skilled in necromantic magic, it inflicts extra damage on
   living creatures.
   It greatly protects you from fire.
   It may make noises in combat.
 E - a +0 hand axe of flaming
Armour
 c - a +0 shield (worn)
 C - a +0 chain mail (worn)
Jewellery
 m - a cursed ring of protection from fire
 n - a ring of protection from fire (left hand)
Wands
 v - a wand of disintegration (15)
 y - a wand of digging (11)
Scrolls
 k - 2 scrolls of identify
 l - 3 scrolls of amnesia
 r - 4 scrolls of teleportation
 z - a scroll of fog
Potions
 d - 2 potions of might
 f - 3 potions of flight
 h - 2 potions of magic
 i - 4 potions of curing
 p - a potion of degeneration {unknown}
 t - a potion of brilliance {unknown}
 u - 2 potions of invisibility {unknown}
 w - 3 potions of haste {unknown}
 A - 2 potions of heal wounds {unknown}
 G - a potion of poison {unknown}
Books
 s - a Fen Folio

   Spells                             Type                      Level
   a - Corpse Rot                     Necromancy                   2
   b - Stone Arrow                    Conjuration/Earth            3
   c - Leda's Liquefaction            Hexes/Earth                  4
   d - Summon Forest                  Summoning/Translocation      5
   e - Hydra Form                     Transmutation                6
   f - Summon Hydra                   Summoning                    7
Comestibles
 e - 3 bread rations
 g - 3 royal jellies
 j - a slice of pizza
 o - 4 meat rations


   Skills:
 + Level 5.9 Fighting
 + Level 6.5 Long Blades
 + Level 8.8 Armour
 + Level 6.5 Dodging
 + Level 1.0 Stealth
 + Level 8.3 Shields


You had 8 spell levels left.
You didn't know any spells.

Dungeon Overview and Level Annotations

Branches:
Dungeon (8/15)             Temple (1/1) D:4
   Lair: D:8-11

Altars:
Ashenzari
Cheibriados
Dithmenos
Elyvilon
Fedhas
Gozag
Kikubaaqudgha
Makhleb
Nemelex Xobeh
Qazlal
Sif Muna
Trog
Vehumet
Xom
Yredelemnul
Zin
The Shining One


Innate Abilities, Weirdness & Mutations

You reflexively headbutt those who attack you in melee.
You have a pair of horns on your head.


Message History

You hit the orc warrior.
The orc warrior is heavily wounded.
You block the orc warrior's attack.
You hit the orc warrior but do no damage.
You headbutt the orc warrior, but do no damage.
The orc warrior is heavily wounded.
The orc warrior hits you but does no damage.
You hit the orc warrior but do no damage.
You headbutt the orc warrior, but do no damage.
The orc warrior is heavily wounded.
The orc warrior hits you with a short sword.
* * * LOW HITPOINT WARNING * * *
You hit the orc warrior but do no damage.
The orc warrior is heavily wounded.
The orc warrior barely misses you. You furiously retaliate!
You headbutt the orc warrior, but do no damage.
You hit the orc warrior.
The orc warrior is severely wounded.
The orc warrior hits you with a short sword!!
You die...

..##..........#...#
#.##..........#.###
..............#.#
#.............#.#
###...........#.#
##......(...#.##
####.............########
.................)......#
##.#............@o......#
...#...#..##..........(.#
....>....)..............####
.........###...............#
.........# #...............#
.........####..............#
.........)[)..../..........#
.........#####......<......#
.........####..............#


You could see an orc warrior.

Vanquished Creatures
  Sigmund (D:3)
  A hippogriff (D:7)
  Menkaure (D:6)
  A hungry ghost (D:7)
  A water moccasin (D:6)
  An ice beast (D:7)
  A sky beast (D:6)
  An orc warrior (D:6)
  A phantom (D:4)
  2 centaurs
  An ogre (D:7)
  A necrophage (D:6)
  3 scorpions
  A water moccasin skeleton (D:7)
  3 wights (D:6)
  3 crimson imps
  A jelly (D:7)
  7 orc wizards
  7 orc priests
  4 hounds
  A giant frog skeleton (D:7)
  Terence (D:3)
  A worker ant (D:4)
  A killer bee zombie (D:6)
  A hound zombie (D:6)
  3 hound skeletons
  12 adders
  2 shadow imps
  An ooze (D:1)
  2 worms
  6 giant geckos
  21 orcs
  A ball python (D:3)
  11 bats
  8 giant cockroaches
  7 goblins
  4 hobgoblins
  5 jackals
  8 kobolds
  5 quokkas
  8 giant newts
  14 rats
  3 bushes (D:3)
  3 plants (D:3)
171 creatures vanquished.

Vanquished Creatures (others)
  A plant (D:3)
1 creature vanquished.

Grand Total: 172 creatures vanquished

Notes
Turn   | Place    | Note
--------------------------------------------------------------
     0 | D:1      | Peloso the Minotaur Fighter began the quest for the Orb.
     0 | D:1      | Reached XP level 1. HP: 19/19 MP: 0/0
   147 | D:1      | Reached XP level 2. HP: 21/27 MP: 1/1
   306 | D:1      | Reached skill level 4 in Fighting
   970 | D:2      | Reached XP level 3. HP: 33/33 MP: 2/2
   994 | D:2      | Found a burning altar of Makhleb.
  1101 | D:2      | Reached skill level 1 in Dodging
  1405 | D:2      | Reached XP level 4. HP: 30/40 MP: 3/3
  1533 | D:2      | Found a stormy altar of Qazlal.
  1539 | D:2      | Found an ancient bone altar of Kikubaaqudgha.
  1730 | D:3      | Noticed Terence
  1753 | D:3      | Killed Terence
  1806 | D:3      | Noticed Sigmund
  1817 | D:3      | Killed Sigmund
  1817 | D:3      | Reached XP level 5. HP: 25/47 MP: 4/4
  1817 | D:3      | Reached XP level 6. HP: 28/53 MP: 5/5
  1962 | D:3      | Found a faded altar to an unknown god.
  2498 | D:4      | Reached skill level 5 in Shields
  2911 | D:4      | Reached skill level 5 in Fighting
  2911 | D:4      | Reached skill level 5 in Armour
  3002 | D:4      | Found a staircase to the Ecumenical Temple.
  3014 | Temple   | Entered the Ecumenical Temple
  3274 | D:4      | Found a white marble altar of Elyvilon.
  3522 | D:5      | Entered Level 5 of the Dungeon
  3535 | D:5      | Reached XP level 7. HP: 54/61 MP: 6/6
  3952 | D:5      | Found a snail-covered altar of Cheibriados.
  4136 | D:5      | Reached skill level 6 in Armour
  4269 | D:5      | Found a shadowy altar of Dithmenos.
  4648 | D:6      | Reached skill level 5 in Dodging
  4652 | D:6      | Reached skill level 5 in Long Blades
  4703 | D:6      | Reached skill level 1 in Stealth
  4703 | D:6      | Reached XP level 8. HP: 56/68 MP: 7/7
  5050 | D:6      | Reached skill level 7 in Armour
  5081 | D:6      | Found a radiant altar of Vehumet.
  5272 | D:6      | HP: 3/69 [orc priest/divine providence (8)]
  6399 | D:7      | Found a shattered altar of Ashenzari.
  6404 | D:7      | Noticed Menkaure
  6419 | D:6      | Killed Menkaure
  6419 | D:6      | Reached skill level 8 in Armour
  6617 | D:7      | Reached XP level 9. HP: 70/75 MP: 8/8
  6854 | D:7      | Got a steaming war axe
  6855 | D:7      | Identified the +5 war axe "Kiung" {pain, *Noise rF++} (You found it on level 7 of the Dungeon)
  7126 | D:7      | Slain by an orc warrior

Action                   |  1- 3 |  4- 6 |  7- 9 || total
-------------------------+-------+-------+-------++-------
Melee: Long sword        |    97 |   318 |   340 ||   755
  Use: Scroll            |       |     4 |     9 ||    13
       Potion            |       |       |     1 ||     1
  Eat: Chunk             |     1 |     7 |    12 ||    20
       Pizza             |       |       |     1 ||     1
